AoeStats
← MrDude42

Arabian Desert

509491231Analyzed
1v1 RM · 6d ago on Sep 27, 2026· 27m 33s· 2 players
Game mode
Random Map
Map size
Tiny (2 player)
Population
200
Speed
Normal
Resources
Standard
Victory
Conquest
Starting age
Dark Age
Ending age
Imperial Age
RankedLock teamsTeams togetherTeam positionsShared explorationLock speedFull tech treeHidden civsTurbo modeCheats
Victory
Defeat
🇨🇱 Saracens · Chile
980
+15
🇮🇱 Hindustanis · Israel
949
-44
MrDude42
5:14 Loom
11:17 Feudal Age
12:05 Double-Bit Axe
13:50 Wheelbarrow
13:01 Town Watch
27:48 Castle Age
25:25 Man-at-Arms
25:56 Arson
CAX
7:54 Loom
10:18 Feudal Age
10:51 Double-Bit Axe
20:16 Castle Age
19:20 Stone Mining
21:17 Husbandry
21:31 Forging
21:45 Horse Collar
23:16 Wheelbarrow
Connection lost

Rejoining the realm…

Still unreachable

The connection could not be restored.

Session expired

The server has moved on; the page needs a fresh start.